 Dungeon Crawl Stone Soup version 0.31-a0-152-g6aa68a64a1 (webtiles) character file.

Game seed: 11123390882049934725

224078 Atlas the Eclecticist (level 18, -2/133 HPs)
             Began as a Demonspawn Fire Elementalist on June 10, 2023.
             Was a High Priest of Vehumet.
             Killed from afar by a nagaraja (22 damage)
             ... with a poison arrow
             ... on level 4 of the Snake Pit.
             The game lasted 01:50:34 (50681 turns).

Atlas the Eclecticist (DsFE)                       Turns: 50681, Time: 01:50:35

Health: -2/133     AC: 25    Str: 11    XL:     18   Next: 58%
Magic:  1/41       EV: 12    Int: 24    God:    Vehumet [*****.]
Gold:   2048       SH:  9    Dex: 14    Spells: 4/55 levels left

rFire   + + +        T - +7 short sword "Toefumm" {vamp, rF+++}
rCold   . . .        p - +0 buckler
rNeg    + . .        r - +2 ring mail "Jibuh" {Fly rElec rN+ Str+2}
rPois   .            (helmet unavailable)
rElec   +            C - +2 cloak
rCorr   .            u - +2 pair of gloves
SInv    +            h - +2 pair of boots
Will    ++...        M - amulet of regeneration
Stlth   ++           N - ring of wizardry
HPRegen 1.22/turn    V - ring of willpower
MPRegen 0.27/turn

%: wizardry (x1)
@: lethally poisoned (-2 -> -35), flying
A: antennae 3, icy blue scales 2, icemail 1, robust 1, condensation shield,
demonic magic 3
}: 1/15 runes: barnacled
a: Renounce Religion


You were on level 4 of the Snake Pit.
You worshipped Vehumet.
Vehumet was extremely pleased with you.
You visited 6 branches of the dungeon, and saw 31 of its levels.
You also visited: Bailey.

You collected 3219 gold pieces.
You spent 1171 gold pieces at shops.

Inventory:

Hand Weapons
 s - the +8 trident of Reapportionment {protect, rF++ Will- rCorr SInv}
   (You took it off Urug on level 11 of the Dungeon)

   rF:        It greatly protects you from fire.
   SInv:      It lets you see invisible.
   rCorr:     It protects you from acid and corrosion.
   Will:      It decreases your willpower.
 T - the +7 short sword "Toefumm" (weapon) {vamp, rF+++}
   (You bought it in a shop on level 1 of the Orcish Mines)

   rF:        It renders you almost immune to fire.
Armour
 h - a +2 pair of boots (worn)
 p - a +0 buckler (worn)
 r - the +2 ring mail "Jibuh" (worn) {Fly rElec rN+ Str+2}
   (You found it on level 3 of the Shoals)

   Str:       It affects your strength (+2).
   rElec:     It insulates you from electricity.
   rN:        It protects you from negative energy.
   Fly:       It grants you flight.
 u - a +2 pair of gloves (worn)
 C - a +2 cloak (worn)
 U - +0 acid dragon scales
 Y - an orb of energy
Magical Staves
 W - the staff of conjuration "Hythran" {rC+ Will++ Str-4 Int-5}
   (You found it on level 4 of the Shoals)

   [staff of conjuration]

   Base accuracy: +5 Base damage: 5 Base attack delay: 1.2 This weapon's minimum
   attack delay (0.6) is reached at skill level 12.
   Str:       It affects your strength (-4).
   Int:       It affects your intelligence (-5).
   rC:        It protects you from cold.
   Will:      It greatly increases your willpower.
   It falls into the 'Staves' category.
   It is a one-handed weapon.
Jewellery
 w - a ring of protection from cold
 K - a ring of willpower
 M - an amulet of regeneration (around neck)
 N - a ring of wizardry (left hand)
 P - an amulet of reflection
 R - a +6 ring of intelligence
 V - a ring of willpower (right hand)
Wands
 d - a wand of polymorph (5)
 v - a wand of digging (1)
 E - a wand of mindburst (10)
 F - a wand of paralysis (24)
 G - a wand of quicksilver (30)
 J - a wand of flame (77)
 O - a wand of roots (11)
Scrolls
 c - 4 scrolls of enchant armour
 e - 4 scrolls of enchant weapon
 j - 7 scrolls of teleportation
 k - 7 scrolls of blinking
 m - a scroll of silence
 n - 7 scrolls of magic mapping
 o - 3 scrolls of fog
 t - 4 scrolls of vulnerability
 y - 3 scrolls of fear
 B - 5 scrolls of amnesia
 L - 6 scrolls of poison
 S - 2 scrolls of brand weapon
Potions
 a - 2 potions of attraction
 b - a potion of magic
 f - 4 potions of enlightenment
 g - 9 potions of mutation
 i - 2 potions of heal wounds
 l - 6 potions of lignification
 q - 3 potions of resistance
 x - 6 potions of curing
 z - 2 potions of ambrosia
 A - 4 potions of brilliance
 H - 5 potions of haste
 Q - 3 potions of invisibility
 X - 2 potions of cancellation
 Z - 4 potions of might
Miscellaneous
 D - a phantom mirror
 I - a lightning rod (4/4)


   Skills:
 - Level 5.1 Fighting
 - Level 5.4 Short Blades
 - Level 0.9 Staves
 - Level 6.3 Armour
 - Level 6.2 Dodging
 - Level 5.0 Stealth
 - Level 4.8 Shields
 - Level 19.3 Spellcasting
 + Level 11.2 Conjurations
 - Level 17.9 Fire Magic
 - Level 7.8 Air Magic
 - Level 0.6 Earth Magic
 - Level 1.1 Evocations


You had 4 spell levels left.
You knew the following spells:

 Your Spells              Type           Power      Damage    Failure   Level
a - Scorch                Fire           100%       2d9       0%          2
b - Starburst             Conj/Fire      37%        6d11      1%          6
c - Plasma Beam           Fire/Air       35%        2x1d49    1%          6
d - Flame Wave            Conj/Fire      75%        2d17      1%          4
e - Fireball              Conj/Fire      37%        3d15      1%          5
f - Borgnjor's Vile Clut  Necr/Erth      12%        N/A       47%         5
g - Foxfire               Conj/Fire      100%       2x1d9     0%          1
h - Lee's Rapid Deconstr  Erth           13%        3d9*      13%         5
i - Fire Storm            Conj/Fire      37%        8d10      75%         9
j - Maxwell's Capacitive  Air            28%        ∞         77%         8

Your spell library contained the following spells:

 Spells                   Type           Power      Damage    Failure   Level
 Lehudib's Crystal Spear  Conj/Erth      25%        10d7      93%         8
 Shock                    Conj/Air       100%       1d9       1%          1
 Cigotuvi's Dreadful Rot  Necr/Pois/Air  70%        N/A       1%          2
 Ignite Poison            Fire/Tmut/Pois 51%        N/A       1%          3
 Inner Flame              Hex/Fire       60%        N/A       1%          3
 Swiftness                Air            57%        N/A       1%          3
 Vhi's Electric Charge    Tloc/Air       82%        N/A       1%          3
 Volatile Blastmotes      Fire/Tloc      100%       2d18      1%          3
 Airstrike                Air            28%        2d(5-21)  1%          4
 Sticky Flame             Conj/Fire      75%        2d9       1%          4
 Beastly Appendage        Tmut           46%        N/A       2%          1
 Lesser Beckoning         Tloc           46%        N/A       3%          2
 Wereblood                Tmut           23%        N/A       3%          2
 Gell's Gravitas          Tloc           23%        N/A       8%          3
 Ozocubu's Armour         Ice            23%        N/A       8%          3
 Portal Projectile        Hex/Tloc       46%        N/A       8%          3
 Spider Form              Tmut/Pois      23%        N/A       8%          3
 Teleport Other           Tloc           23%        N/A       8%          3
 Tukima's Dance           Hex            23%        N/A       8%          3
 Animate Dead             Necr           23%        N/A       24%         4
 Arcjolt                  Conj/Air       31%        1d41      1%          5
 Freezing Cloud           Conj/Ice/Air   26%        6-21      1%          5
 Conjure Ball Lightning   Conj/Air       31%        3x3d10    2%          6
 Blade Hands              Tmut           11%        N/A       52%         5
 Metabolic Englaciation   Hex/Ice        11%        N/A       52%         5
 Summon Forest            Summ/Tloc      11%        N/A       52%         5
 Eringya's Noxious Bog    Tmut/Pois      11%        N/A       61%         6
 Death Channel            Necr           11%        N/A       97%         6
 Simulacrum               Ice/Necr       11%        N/A       97%         6
 Ozocubu's Refrigeration  Ice            11%        4d10      97%         7
 Summon Hydra             Summ           11%        N/A       100%        7
 Discord                  Hex            11%        N/A       100%        8
 Disjunction              Tloc           11%        N/A       100%        8


Dungeon Overview and Level Annotations

Branches:
Dungeon (15/15)            Temple (0/1) D:7            Lair (5/5) D:11
 Shoals (4/4) Lair:2        Snake (4/4) Lair:3        Slime (0/5) Lair:5
    Orc (2/2) D:9             Elf (1/3) Orc:2        Vaults (0/5) D:13
 Depths (0/4) D:15         Bailey (visited)

Altars:
Cheibriados
Fedhas
Hepliaklqana
Nemelex Xobeh
Sif Muna
Trog
Vehumet
Wu Jian
Xom
Yredelemnul
Jiyva

Shops:
D:3 (*   D:4 =   D:10 =   D:12 *[!((   Orc:1 (   Orc:2 *=([   Snake:1 (

Portals:
Trove: D:12 (give +4 shadow dragon scales)


Innate Abilities, Weirdness & Mutations

You have a pair of large antennae on your head. (SInv)
You are mostly covered in icy blue scales. (AC +3)
A meltable icy envelope protects you from harm. (AC +4)
You are robust. (+10% HP)
A meltable shield of frost defends you. (SH +4)
Spells you cast and wands you use may paralyse nearby enemies.


Message History

You completely miss the nagaraja.
The nagaraja is severely wounded.
You feel very sick. The nagaraja barely misses you. The nagaraja grabs you.
The nagaraja constricts you.
You hit the nagaraja but do no damage.
The nagaraja is severely wounded.
You feel very sick.
The nagaraja points at you and mumbles some strange words.
The poison arrow hits you.
You are more poisoned.
The nagaraja constricts you.
Casting: Scorch (safe; 0% risk of failure)
Confirm with . or Enter, or press ? or * to list all spells.
Flames lash the nagaraja.
The nagaraja is burned terribly!
The nagaraja is almost dead.
Malevolent energies surge around you.
You feel extremely sick. You block the nagaraja's attack.
The nagaraja constricts you.
A spectral naga comes into view.
You escape the nagaraja's grasp.
You feel very sick.
The nagaraja points at you and mumbles some strange words.
The bolt of poison hits you!!
You are more poisoned.
* * * LOW HITPOINT WARNING * * *
You feel better.
Casting: Scorch (safe; 0% risk of failure)
Confirm with . or Enter, or press ? or * to list all spells.
Flames lash the nagaraja.
The nagaraja is burned terribly!
The nagaraja is almost dead.
Malevolent energies surge around you. The nagaraja casts a spell at you.
The bolt of poison hits you!
You are poisoned.
* * * LOW HITPOINT WARNING * * *
The nagaraja gestures at you while chanting.
The poison arrow hits you!!
You are lethally poisoned!
You die...

..... #N## #...........#.###'#
#.... #.# ##.........[)###...#
#.... #.# #........)..)##....#
#.... #.# ##............##....#
#.... #.#####....Z###.....##.....
#....##.#..###....# ##....##'.###
#.....'.'...###..## #?.^.#.###..
#.#####.#N..# #...# ##....#......
###.# ###...###.@.###.....###.#..
.{{## ##.....###N.##........#####
..#####.......##'##........<.....
..##..............#.........)....
..#...............#..............
..#..............##.......##.....
..##'##.......#####......###...##
#....###.....## ##....####..##
###...###...## #..|.# #..##


You could see a nagaraja (fast, combustible) and a spectral naga.

Vanquished Creatures
  Vashnia (Snake:2)
  Rupert (Lair:3)
  2 sphinxes (Shoals:4)
  Agnes (D:14)
  Donald (Shoals:1)
  6 nagarajas
  A fire giant (D:15)
  An orc warlord (Orc:2)
  2 minotaurs (Shoals:4)
  5 merfolk impalers
  Snorg (Lair:4)
  A merfolk javelineer (Shoals:4)
  4 hydras
  A rakshasa (D:12)
  14 anacondas
  6 centaur warriors
  2 merfolk avatars
  2 catoblepae
  A merfolk aquamancer (Shoals:4)
  An alligator snapping turtle (Shoals:4)
  2 dancing weapons (Elf:1)
  2 ogre magi
  15 satyrs
  12 two-headed ogres
  5 death yaks
  8 naga warriors
  A tengu warrior (D:14)
  Urug (D:11)
  9 naga sharpshooters
  Sonja (Lair:3)
  A shock serpent (shapeshifter) (D:13)
  4 deep elf knights
  6 shock serpents
  5 orc high priests (Orc:2)
  3 salamander mystics
  3 skysharks
  10 sea snakes
  4 naga ritualists
  An anaconda skeleton (Snake:4)
  15 harpies
  6 orc knights
  13 deep elf pyromancers
  19 deep elf zephyrmancers
  8 mana vipers
  An orc sorcerer (Orc:2)
  2 wolf spiders (Lair:5)
  9 salamanders
  16 ugly things
  An oklob plant (Lair:3)
  32 fauns
  7 cyclopes
  14 manticores
  8 guardian serpents
  12 merfolk sirens
  33 black mambas
  14 water nymphs
  A spectral sea snake (Snake:4)
  12 naga magi
  5 elephants (Lair:4)
  Psyche (D:11)
  An unseen horror zombie (D:9)
  A gargoyle (D:10)
  9 komodo dragons
  19 cane toads
  2 unseen horrors
  2 kobold demonologists
  An anaconda simulacrum (Snake:4)
  5 rime drakes
  5 yaktaurs (D:13)
  2 spectral nagas (Snake:4)
  A freezing wraith (D:14)
  2 meliai (D:15)
  9 trolls
  23 merfolk
  A spectral guardian serpent (Snake:4)
  A wind drake (shapeshifter) (D:15)
  2 hornets (Lair:5)
  7 wind drakes
  23 blink frogs
  21 dream sheep
  11 snapping turtles
  4 slime creatures (D:12)
  An air elemental (Elf:1)
  5 water elementals
  10 spriggans (D:10)
  3 shadows
  A wraith (D:10)
  22 yaks
  12 wyverns
  8 basilisks
  Eustachio (D:5)
  3 steam dragons
  11 vampire mosquitoes
  A sea snake simulacrum (Snake:4)
  3 redbacks (Lair:5)
  2 acid dragons (D:11)
  4 wargs
  38 nagas
  Menkaure (D:5)
  17 water moccasins
  4 black bears
  5 guardian serpent simulacra (Snake:4)
  33 orc warriors
  An ice beast (D:8)
  A sky beast (D:6)
  13 ogres
  25 wolves
  14 centaurs
  A phantom (D:4)
  14 bullfrogs
  5 kobold brigands
  2 gnoll sergeants
  5 naga simulacra (Snake:4)
  A scorpion (D:6)
  A wyvern zombie (D:9)
  6 killer bees (D:9)
  5 electric eels (D:11)
  4 howler monkeys
  3 centaur zombies (D:9)
  A jelly (D:4)
  17 orc priests
  7 hounds
  Crazy Yiuf (D:5)
  Jessica (D:2)
  4 iguanas
  16 orc wizards
  Natasha (twice) (D:2)
  A killer bee zombie (D:9)
  4 howler monkey zombies (D:9)
  16 gnolls
  9 adders
  2 shadow imps (D:6)
  3 white imps
  An ufetubus (D:7)
  2 worms
  5 dart slugs
  88 orcs
  11 ball pythons
  3 endoplasms
  3 giant cockroaches (D:1)
  5 goblins
  7 hobgoblins
  4 jackals
  18 kobolds
  5 quokkas
  6 bats
  3 frilled lizards
  4 rats
1063 creatures vanquished.

Vanquished Creatures (collateral kills)
  11 foxfires
11 creatures vanquished.

Vanquished Creatures (others)
  A salamander tyrant (Snake:2)
  A black mamba (Snake:3)
  1289 foxfires
1291 creatures vanquished.

Grand Total: 2365 creatures vanquished

Notes
Turn   | Place    | Note
-------+----------+-------------------------------------------
     0 | D:1      | Atlas the Demonspawn Fire Elementalist began the quest for
                  | the Orb.
     0 | D:1      | Reached XP level 1. HP: 13/13 MP: 3/3
   122 | D:1      | Gained mutation: You have a pair of small antennae on your
                  | head. [demonic ancestry]
   122 | D:1      | Reached XP level 2. HP: 5/19 MP: 0/5
   851 | D:1      | Learned a level 2 spell: Scorch
  1018 | D:1      | Gained mutation: Spells you cast may paralyse adjacent
                  | enemies. [demonic ancestry]
  1018 | D:1      | Reached XP level 3. HP: 24/24 MP: 1/6
  1648 | D:2      | Reached XP level 4. HP: 23/30 MP: 0/8
  1930 | D:2      | Noticed Jessica
  1945 | D:2      | Killed Jessica
  2285 | D:2      | Noticed Natasha
  2288 | D:2      | Killed Natasha
  2382 | D:2      | Found a snail-covered altar of Cheibriados.
  2394 | D:2      | Reached skill level 3 in Spellcasting
  2394 | D:2      | Gained mutation: You have a pair of antennae on your head.
                  | [demonic ancestry]
  2394 | D:2      | Reached XP level 5. HP: 27/35 MP: 4/9
  2415 | D:2      | Noticed Natasha
  2421 | D:2      | Killed Natasha
  2913 | D:3      | Found Neufijo's Assorted Antiques.
  3110 | D:3      | Found a broken altar of Ashenzari.
  3112 | D:3      | Found a bloodstained altar of Trog.
  3112 | D:3      | Found a burning altar of Makhleb.
  3112 | D:3      | Found a shimmering altar of Xom.
  3330 | D:3      | Identified the +6 spear of the Solstice {vamp, Dex+3}
  3452 | D:3      | Reached skill level 4 in Spellcasting
  3702 | D:3      | Found Vuicapes's Antique Weapon Shop.
  4177 | D:4      | Reached XP level 6. HP: 41/41 MP: 8/12
  5282 | D:4      | Reached skill level 1 in Armour
  5545 | D:4      | Noticed a steam dragon
  5555 | D:4      | Killed a steam dragon
  5556 | D:4      | Gained mutation: You are partially covered in icy blue
                  | scales. (AC +2) [demonic ancestry]
  5556 | D:4      | Reached XP level 7. HP: 42/46 MP: 6/14
  5918 | D:4      | Reached skill level 1 in Short Blades
  5918 | D:4      | Reached skill level 5 in Spellcasting
  6018 | D:4      | Found Gos Curr's Jewellery Emporium.
  6392 | D:5      | Entered Level 5 of the Dungeon
  6660 | D:5      | Noticed Eustachio
  6673 | D:5      | Killed Eustachio
  6674 | D:5      | Reached skill level 5 in Fire Magic
  6857 | D:5      | Gained mutation: You have a pair of large antennae on your
                  | head. (SInv) [demonic ancestry]
  6857 | D:5      | Reached XP level 8. HP: 53/53 MP: 4/16
  6863 | D:5      | Noticed Menkaure
  6865 | D:5      | Killed Menkaure
  7194 | D:5      | Found a runed translucent door.
  7195 | D:5      | Noticed Crazy Yiuf
  7374 | D:5      | Killed Crazy Yiuf
  7593 | D:6      | Reached skill level 6 in Spellcasting
  8402 | D:6      | Found a sparkling altar of Nemelex Xobeh.
  8559 | D:6      | Gained mutation: You are mostly covered in icy blue scales.
                  | (AC +3) [demonic ancestry]
  8559 | D:6      | Reached XP level 9. HP: 24/58 MP: 15/19
  8762 | D:6      | Found a radiant altar of Vehumet.
  8795 | D:6      | Noticed a kobold demonologist
  8801 | D:6      | Noticed a sixfirhy
  8802 | D:6      | Killed a kobold demonologist
  8803 | D:6      | Reached skill level 1 in Fighting
  8803 | D:6      | Reached skill level 7 in Spellcasting
  8814 | D:6      | Became a worshipper of Vehumet
  9269 | D:7      | Found a flagged portal.
  9283 | Bailey   | Entered a bailey
  9642 | Bailey   | Found a large runed translucent door.
  9642 | Bailey   | Found a large runed translucent door.
  9643 | Bailey   | Noticed a deep elf pyromancer
  9670 | Bailey   | Noticed an orc knight
  9694 | Bailey   | Killed an orc knight
  9695 | Bailey   | Reached skill level 8 in Spellcasting
 10025 | Bailey   | Killed a deep elf pyromancer
 10037 | Bailey   | Identified the +0 robe "Hionirch" {rC+ rCorr Str+7}
 10302 | D:7      | Found a staircase to the Ecumenical Temple.
 10578 | D:7      | Gained mutation: Spells you cast may paralyse nearby
                  | enemies. [demonic ancestry]
 10578 | D:7      | Reached XP level 10. HP: 66/66 MP: 17/22
 10610 | D:7      | Found a blossoming altar of Fedhas.
 10816 | D:8      | Reached * piety under Vehumet
 10816 | D:8      | Offered knowledge of Kiss of Death by Vehumet.
 11029 | D:8      | Reached skill level 9 in Spellcasting
 11131 | D:8      | Found an ornate altar of the Wu Jian Council.
 11306 | D:8      | Found Zin's Purification Station.
 11312 | D:8      | Bought a potion of curing for 90 gold pieces
 11538 | D:9      | Reached skill level 5 in Stealth
 11594 | D:9      | Found a basalt altar of Yredelemnul.
 11887 | D:9      | Reached ** piety under Vehumet
 11904 | D:9      | Offered knowledge of Static Discharge by Vehumet.
 12362 | D:9      | Found a staircase to the Orcish Mines.
 12535 | D:10     | Entered Level 10 of the Dungeon
 12639 | D:10     | Offered knowledge of Searing Ray by Vehumet.
 13051 | D:10     | Learned a level 6 spell: Plasma Beam
 13081 | D:10     | Noticed a two-headed ogre
 13101 | D:10     | Killed a two-headed ogre
 13102 | D:10     | Reached skill level 10 in Spellcasting
 13106 | D:10     | Gained mutation: A meltable shield of frost defends you.
                  | (SH +4) [demonic ancestry]
 13106 | D:10     | Reached XP level 11. HP: 58/72 MP: 16/25
 13275 | D:10     | Reached *** piety under Vehumet
 13514 | D:10     | Noticed a seven-headed hydra
 13598 | D:10     | Learned a level 4 spell: Flame Wave
 13993 | D:10     | Found Wyihaex's Jewellery Emporium.
 14002 | D:10     | Bought an amulet of faith for 640 gold pieces
 14208 | D:10     | Offered knowledge of Ignite Poison by Vehumet.
 14294 | D:10     | Noticed a two-headed ogre
 14294 | D:10     | Noticed a red ugly thing
 14321 | D:10     | Killed a cyan ugly thing
 14390 | D:10     | Killed a seven-headed hydra
 14391 | D:10     | Reached skill level 10 in Fire Magic
 14436 | D:10     | Killed a two-headed ogre
 14437 | D:10     | Reached skill level 11 in Spellcasting
 14624 | D:11     | Noticed Psyche
 14630 | D:11     | Killed Psyche
 14924 | D:11     | Found a staircase to the Lair.
 14980 | D:11     | Reached **** piety under Vehumet
 15078 | D:11     | Offered knowledge of Fireball by Vehumet.
 15086 | D:11     | Learned a level 5 spell: Fireball
 15155 | D:11     | Reached skill level 1 in Shields
 15302 | D:11     | Identified the +8 trident of Reapportionment {protect, rF++
                  | Will- rCorr SInv}
 15302 | D:11     | Noticed Urug
 15342 | D:11     | Killed Urug
 15758 | D:12     | Reached XP level 12. HP: 80/80 MP: 24/27
 15760 | D:12     | Found a portal to a secret trove of treasure.
 15762 | D:12     | Found Fuzuing's Armour Boutique.
 15796 | D:12     | Noticed a two-headed ogre
 15808 | D:12     | Killed a two-headed ogre
 15809 | D:12     | Reached skill level 12 in Spellcasting
 15918 | D:12     | Reached skill level 5 in Conjurations
 16032 | D:12     | Noticed a two-headed ogre
 16079 | D:12     | Found a hazy altar of Hepliaklqana.
 16087 | D:12     | Killed a two-headed ogre
 16177 | D:12     | Found Axeixty's Weapon Shoppe.
 16185 | D:12     | Noticed a rakshasa
 16192 | D:12     | Killed a rakshasa
 16304 | D:12     | Found Kabun Japo's Distillery.
 16363 | D:12     | Bought a potion of heal wounds for 65 gold pieces
 16609 | D:12     | Found Fonloit's Weapon Shop.
 16755 | D:12     | Found Ceuxoi's General Store.
 16765 | D:12     | Bought a potion of haste for 120 gold pieces
 17459 | D:13     | Noticed a catoblepas
 17469 | D:13     | Killed a catoblepas
 17470 | D:13     | Reached skill level 13 in Spellcasting
 18248 | D:13     | Noticed a two-headed ogre
 18278 | D:13     | Reached XP level 13. HP: 86/86 MP: 26/30
 18335 | D:13     | Reached ***** piety under Vehumet
 18336 | D:13     | Reached skill level 1 in Air Magic
 18470 | D:13     | Offered knowledge of Eringya's Noxious Bog by Vehumet.
 19164 | D:13     | Found a gate to the Vaults.
 19578 | D:14     | Noticed Agnes
 19756 | D:14     | Reached skill level 14 in Spellcasting
 20883 | D:14     | Learned a level 5 spell: Borgnjor's Vile Clutch
 20933 | D:14     | Killed Agnes
 21444 | D:15     | Entered Level 15 of the Dungeon
 21456 | D:15     | Reached skill level 5 in Armour
 21584 | D:15     | Noticed a fire giant
 21584 | D:15     | Found a staircase to the Depths.
 21855 | D:15     | Gained mutation: Spells you cast and wands you use may
                  | paralyse nearby enemies. [demonic ancestry]
 21855 | D:15     | Reached XP level 14. HP: 93/93 MP: 24/32
 22282 | D:15     | Killed a fire giant
 23021 | Lair:1   | Entered Level 1 of the Lair of Beasts
 24326 | Lair:2   | Reached skill level 15 in Spellcasting
 24669 | Lair:2   | Found a staircase to the Shoals.
 25451 | Lair:3   | Noticed Rupert
 25467 | Lair:3   | Killed Rupert
 25741 | Lair:3   | Offered knowledge of Irradiate by Vehumet.
 26035 | Lair:3   | Identified the +1 robe of Theory {rPois Str+3 Int-3 Slay+4}
 26048 | Lair:3   | Reached skill level 5 in Dodging
 26358 | Lair:3   | Found a staircase to the Snake Pit.
 26387 | Lair:3   | Noticed Sonja
 26418 | Lair:3   | Killed Sonja
 27180 | Lair:4   | Noticed Snorg
 27187 | Lair:4   | Killed Snorg
 27528 | Lair:4   | Gained mutation: You are robust. (+10% HP) [demonic
                  | ancestry]
 27528 | Lair:4   | Reached XP level 15. HP: 94/110 MP: 27/34
 27944 | Lair:5   | Entered Level 5 of the Lair of Beasts
 28484 | Lair:5   | Reached skill level 5 in Air Magic
 28487 | Lair:5   | Offered knowledge of Conjure Ball Lightning by Vehumet.
 28953 | Lair:5   | Found a staircase to the Slime Pits.
 28953 | Lair:5   | Found a viscous altar of Jiyva.
 29188 | Lair:5   | Reached skill level 15 in Fire Magic
 29339 | Lair:5   | Reached skill level 16 in Spellcasting
 30171 | Lair:5   | Found a shimmering blue altar of Sif Muna.
 30549 | Lair:5   | Offered knowledge of Spellforged Servitor by Vehumet.
 30831 | Orc:1    | Entered Level 1 of the Orcish Mines
 30993 | Orc:2    | Entered Level 2 of the Orcish Mines
 31134 | Orc:1    | Learned a level 6 spell: Starburst
 32058 | Orc:1    | Found Noecic's Antique Weapon Shop.
 32289 | Orc:2    | Reached ****** piety under Vehumet
 32414 | Orc:2    | Found Duhesul's Antique Weapon Shoppe.
 32703 | Orc:2    | Found Esalaywk's Antique Armour Shop.
 32730 | Orc:2    | Found a staircase to the Elven Halls.
 32921 | Orc:2    | Found Diphura's General Store.
 32995 | Orc:2    | Found Hoicuq's Jewellery Boutique.
 33222 | Orc:1    | Bought a steaming short sword for 256 gold pieces
 33222 | Orc:1    | Identified the +7 short sword "Toefumm" {vamp, rF+++} (You
                  | bought it in a shop on level 1 of the Orcish Mines)
 33354 | Elf:1    | Entered Level 1 of the Elven Halls
 33725 | Elf:1    | Gained mutation: A meltable icy envelope protects you from
                  | harm. (AC +4) [demonic ancestry]
 33725 | Elf:1    | Reached XP level 16. HP: 114/116 MP: 24/36
 33806 | Elf:1    | Paralysed by an air elemental for 1 turns
 33810 | Elf:1    | Paralysed by an air elemental for 1 turns
 33841 | Elf:1    | Reached skill level 1 in Evocations
 34539 | Shoals:1 | Entered Level 1 of the Shoals
 34572 | Shoals:1 | Learned a level 1 spell: Foxfire
 34761 | Shoals:1 | Offered knowledge of Lee's Rapid Deconstruction by Vehumet.
 34837 | Shoals:1 | Learned a level 5 spell: Lee's Rapid Deconstruction
 34902 | Shoals:1 | Reached skill level 17 in Spellcasting
 35980 | Shoals:2 | Noticed Donald
 35996 | Shoals:1 | Killed Donald
 36659 | Shoals:2 | Identified the +3 helmet of Muubu {Rampage Regen+ Str-4}
 36769 | Shoals:2 | Reached skill level 5 in Short Blades
 36958 | Shoals:2 | Offered knowledge of Iskenderun's Battlesphere by Vehumet.
 37495 | Shoals:3 | Identified the +2 ring mail "Jibuh" {Fly rElec rN+ Str+2}
 37541 | Shoals:3 | Identified the +8 trident of Gravity {drain, rElec}
 38331 | Shoals:3 | Reached skill level 18 in Spellcasting
 38828 | Shoals:4 | Entered Level 4 of the Shoals
 38869 | Shoals:4 | Reached XP level 17. HP: 120/124 MP: 24/39
 39565 | Shoals:4 | Offered knowledge of Leda's Unmaking by Vehumet.
 40389 | Shoals:4 | Identified the staff of conjuration "Hythran" {rC+ Will++
                  | Str-4 Int-5}
 40907 | Shoals:4 | Got a barnacled rune of Zot
 40978 | Shoals:4 | Paralysed by a sphinx for 2 turns
 41473 | Snake:1  | Entered Level 1 of the Snake Pit
 41987 | Snake:1  | Found Suecylep's Weapon Shop.
 43325 | Snake:2  | Noticed Vashnia
 43455 | Snake:2  | Killed Vashnia
 44388 | Snake:2  | Reached skill level 5 in Fighting
 44717 | Snake:2  | Reached skill level 19 in Spellcasting
 44764 | Snake:2  | Offered knowledge of Lehudib's Crystal Spear by Vehumet.
 44764 | Snake:2  | Offered knowledge of Fire Storm by Vehumet.
 44764 | Snake:2  | Offered knowledge of Maxwell's Capacitive Coupling by
                  | Vehumet.
 44788 | Snake:2  | HP: 3/126 [naga warrior/+3 dire flail (25)]
 45046 | Snake:2  | Learned a level 9 spell: Fire Storm
 45055 | Snake:2  | Learned a level 8 spell: Maxwell's Capacitive Coupling
 45772 | Snake:3  | Reached XP level 18. HP: 118/133 MP: 10/41
 48250 | Snake:4  | Entered Level 4 of the Snake Pit
 49747 | Snake:4  | Reached skill level 10 in Conjurations
 50681 | Snake:4  | Killed from afar by a nagaraja

Illustrated notes

Levels and vault maps discovered:
D:1:      matt_arrival_diagonals, layout_rooms,
          nicolae_concentric_dashed_squares_wild, serial_bayou_ford_a
D:2:      layout_loops_ring, basic_altar, uniq_natasha, uniq_jessica
D:3:      layout_basic, doesnt_xom_only_xom, serial_shops, nicolae_square_shop,
          shop, minmay_misc_feat_ornament
D:4:      layout_basic, serial_shops, shop
D:5:      layout_basic, uniq_crazy_yiuf_cottage, uniq_menkaure, uniq_eustachio
D:6:      layout_gridville, amcnicky_altar_gilded, mainiacjoe_overflow_paths
D:7:      layout_basic, fedhas_altar_4, minmay_temple_entry_proselytizer,
          enter_bailey_4, roderic_serpentine_path
D:8:      layout_basic, nzn_wu_jian_council_hall, zin_purify
D:9:      layout_roguey, nicolae_yredelemnul_corpse_copse, hiddenorc1_lemuel
D:10:     kb_forest_paths, layout_basic, serial_shops, shop
D:11:     layout_rooms, erik_lair_island, uniq_urug, uniq_psyche
D:12:     layout_cave_pools, nicolae_trove_entry_crossroad, serial_shops,
          nicolae_shop_waterfront, shop_coins, shop, shop, shop, minivault_24,
          nicolae_hepliaklqana_hazy_memory
D:13:     layout_roguey, hangedman_vaults_entry_quadrant_bands,
          elves_outpost_lemuel
D:14:     layout_gridville, serial_rivers, chequers_serial_rivers_room_a,
          chequers_serial_rivers_micro_a, chequers_serial_rivers_micro_e,
          chequers_serial_rivers_micro_c, chequers_serial_rivers_micro_d,
          chequers_serial_rivers_large_b, uniq_agnes
D:15:     grunt_enter_depths_giant_problem, layout_small_grid, serial_glass,
          glass_columns_a, glass_columns_a
Lair:1:   layout_layer_cave
Lair:2:   layout_regular_city, minmay_shoals_entry_lonely_mermaid,
          dreamdust_mushroom_princess
Lair:3:   layout_regular_city, nicolae_snake_entry_squirm, grunt_megastairs_2,
          serial_bayou_shore_b, uniq_sonja, uniq_rupert
Lair:4:   layout_gridlike, uniq_snorg
Lair:5:   hangedman_lair_tendril_chambers, layout_hall_layers, slime_entry_1,
          basic_altar, grunt_megastairs_3
Shoals:1: layout_shoals, nicolae_shoals_nymph_descending_staircase
Shoals:2: layout_shoals, uniq_donald
Shoals:3: layout_shoals, nicolae_shoals_drake_roost
Shoals:4: shoals_end_hellmonk_lost_city
Snake:1:  layout_basic, serial_shops, nicolae_shop_real_fake_doors
Snake:2:  layout_cave_shapes, uniq_vashnia
Snake:3:  minmay_snake_river, layout_layer_cave
Snake:4:  grunt_snake_rune_serpentine_throne, layout_cave_town, serial_shops,
          shop, drop_trap, nicolae_snake_the_dead_are_slithering
Orc:1:    layout_diamond_mine, serial_shops, nicolae_shop_back_alley_shop,
          mines_bat_river
Orc:2:    grunt_orc_gardens, layout_caves, grunt_orc_garden, grunt_orc_garden,
          grunt_orc_garden, grunt_orc_garden
Elf:1:    elf_arrival_002, layout_loops_ring, serial_shops, bzr_entry_road,
          minmay_elf_sorcery, nrook_loot_triangle

Skill      XL: |  1  2  3  4  5  6  7  8  9 10 11 12 13 14 15 16 17 18 |
---------------+-------------------------------------------------------+-----
Fire Magic     | 3 4 5 6 7 9 10 12 13 14 15 16 17 | 17.9
Dodging        | 2 3 4 5 6 |  6.2
Stealth        | 2 3 4 5 |  5.0
Conjurations   | 2 3 4 5 6 7 8 11 | 11.2
Spellcasting   | 3 4 5 6 8 10 11 13 14 15 16 18 19 | 19.3
Armour         | 1 2 3 4 5 6 |  6.3
Short Blades   | 1 2 3 4 5 |  5.4
Fighting       | 1 2 3 4 5 |  5.1
Shields        | 1 2 3 4 |  4.8
Air Magic      | 3 4 5 6 7 |  7.8
Evocations     | 1 |  1.1
Staves         | |  0.9
Earth Magic    | |  0.6

Action                     |  1- 3 |  4- 6 |  7- 9 | 10-12 | 13-15 | 16-18 || total
---------------------------+-------+-------+-------+-------+-------+-------++-------
  Melee: Unarmed           |    26 |     2 |       |       |       |       ||    28
         Short sword       |    29 |    13 |       |       |    10 |   227 ||   279
         Dagger            |       |    27 |    70 |   215 |   477 |       ||   789
         Punch             |       |     1 |     1 |     1 |       |       ||     3
         Staff             |       |       |       |    33 |       |       ||    33
   Cast: Foxfire           |    55 |    63 |    84 |   189 |    29 |   310 ||   730
         Scorch            |    12 |    52 |    83 |   251 |   354 |   285 ||  1037
         Flame Wave        |       |       |       |     4 |    24 |     7 ||    35
         Fireball          |       |       |       |    13 |    39 |    62 ||   114
         Plasma Beam       |       |       |       |     5 |   112 |   288 ||   405
         Starburst         |       |       |       |       |    13 |    10 ||    23
         Lee's Rapid Decon |       |       |       |       |       |    12 ||    12
  Evoke: Wand              |       |       |       |     1 |     9 |     6 ||    16
         Box of beasts     |       |       |       |       |       |     1 ||     1
    Use: Scroll            |       |       |     7 |     8 |    11 |    17 ||    43
         Potion            |       |       |     1 |     1 |     4 |    12 ||    18
   Stab: Paralysed         |     2 |     2 |    14 |    50 |   103 |    61 ||   232
         Distracted        |     1 |       |       |       |     1 |       ||     2
         Sleeping          |       |       |     2 |     2 |     2 |     3 ||     9
         Petrified         |       |       |       |       |     2 |       ||     2
 Armour: Robe              |    23 |     6 |       |       |       |       ||    29
         Skin              |       |     1 |       |       |       |       ||     1
         Leather armour    |       |    10 |    54 |    60 |       |       ||   124
         Troll leather arm |       |       |       |    51 |       |       ||    51
         Acid dragon scale |       |       |       |    31 |   215 |    66 ||   312
         Ring mail         |       |       |       |       |       |   213 ||   213
  Dodge: Dodged            |    55 |    23 |    57 |   178 |   277 |   187 ||   777
  Block: Buckler           |       |       |       |    35 |   264 |   213 ||   512
         Other             |       |       |       |     2 |       |       ||     2

Table legend: (Time is in decaauts)
 A = Elapsed time spent in this place.
 B = Non-inter-level travel time spent in this place.
 C = Inter-level travel time spent in this place.
 D = Time resting spent in this place.
 E = Time spent auto-exploring this place.
 F = Levels seen in this place.
 G = Mean time per level.
                   A        B        C        D        E       F      G
               +--------+--------+--------+--------+--------+-----+--------+
         Total |  50820 |  48785 |   2035 |  13043 |  27716 |  32 | 1588.1 |
       Dungeon |  22441 |  21388 |   1053 |   4915 |  12895 |  15 | 1496.1 |
          Lair |   7839 |   7487 |    352 |    940 |   5439 |   5 | 1567.8 |
        Shoals |   7033 |   6877 |    156 |   2264 |   3492 |   4 | 1758.2 |
     Snake Pit |   9186 |   9041 |    145 |   3209 |   4568 |   4 | 2296.5 |
  Orcish Mines |   2915 |   2620 |    295 |   1118 |   1095 |   2 | 1457.5 |
   Elven Halls |    596 |    565 |     31 |    193 |     68 |   1 |  596.0 |
        Bailey |    807 |    807 |      0 |    402 |    157 |   1 |  807.0 |
               +--------+--------+--------+--------+--------+-----+--------+

Top non-repeatable levels by time:
    D:13: 2958 daAuts
Shoals:3: 2700 daAuts
 Snake:1: 2594 daAuts
 Snake:3: 2311 daAuts
 Snake:4: 2307 daAuts
    D:14: 2236 daAuts
  Lair:5: 1995 daAuts
 Snake:2: 1973 daAuts
Shoals:1: 1908 daAuts
    D:10: 1860 daAuts
  Lair:4: 1771 daAuts
     D:3: 1769 daAuts
     D:4: 1726 daAuts
   Orc:1: 1619 daAuts
     D:1: 1601 daAuts
